 Dungeon Crawl Stone Soup version 0.17-b1-33-gd9cf236 (webtiles) character file.

135 Frontstab the Chopper (level 5, -3/36 HPs)
             Began as an Octopode Gladiator on Nov 5, 2015.
             Slain by an orc
             ... wielding a +0 flail
              (8 damage)
             ... on level 3 of the Dungeon.
             The game lasted 00:05:13 (2250 turns).

Frontstab the Chopper (Octopode Gladiator)          Turns: 2250, Time: 00:05:13

Health: -3/36      AC:  1    Str: 15    XL:     5   Next: 18%
Magic:  5/5        EV: 13    Int: 11    God:
Gold:   98         SH:  0    Dex: 12    Spells: 0 memorised, 4 levels left

rFire  . . .     SeeInvis .     a - +0 war axe
rCold  . . .     Clarity  .     (no shield)
rNeg   . . .     SustAt   .     b - +0 hat
rPois  +         Gourm    .     (no amulet)
rElec  .         Spirit   .     o - ring of poison resistance
rCorr  .         Warding  .     (no ring)
rMut   .         Stasis   .     (no ring)
MR     .....                    (no ring)
Stlth  ++........               (no ring)
                                (no ring)
                                (no ring)
                                (no ring)

@: not resistant to hostile enchantments, unstealthy
A: almost no armour, amphibious, 8 rings, constrict 8, camouflage 1, gelatinous
body 1
a: no special abilities


You were on level 3 of the Dungeon.
You were not hungry.

You visited 1 branch of the dungeon, and saw 3 of its levels.

You collected 98 gold pieces.

Inventory:

Hand Weapons
 a - a +0 war axe (weapon)
Missiles
 c - 3 throwing nets (quivered)
 k - 8 tomahawks
Armour
 b - a +0 hat (worn)
Jewellery
 o - a ring of poison resistance (left tentacle)
Wands
 q - a wand of enslavement (19)
Scrolls
 g - a scroll of enchant armour {unknown}
 j - a scroll of recharging {unknown}
 n - 2 scrolls of remove curse {unknown}
 p - a scroll of immolation {unknown}
 r - 2 scrolls of amnesia {unknown}
 t - a scroll of fog {unknown}
Potions
 e - 2 potions of flight {unknown}
 f - 2 potions of heal wounds {unknown}
 h - 2 potions of curing {unknown}
 i - a potion of mutation {unknown}
 l - a potion of lignification {unknown}
 s - a potion of cure mutation {unknown}
Comestibles
 d - 3 bread rations
 m - a beef jerky


   Skills:
 + Level 3.2 Fighting
 + Level 4.1 Axes
 - Level 2.0 Throwing
 + Level 4.1 Dodging


You had 4 spell levels left.
You didn't know any spells.

Dungeon Overview and Level Annotations

Branches:
Dungeon (3/15)

Altars:
Fedhas

Annotations:
D:3 septik's ghost, amateur GrGl


Innate Abilities, Weirdness & Mutations

You cannot wear most types of armour.
You are amphibious.
You can wear up to eight rings at the same time.
You can use your tentacles to constrict eight enemies at once.
Your skin changes colour to match your surroundings (Stealth).
Your rubbery body absorbs attacks (AC +1).


Message History

You kill the goblin!
Your Axes skill increases to level 4!
You hit the jelly.
Your tentacles burn!
The jelly is moderately wounded.
The jelly misses you. The jelly hits you.
You are splashed with acid!
The acid burns!
* * * LOW HITPOINT WARNING * * *
You completely miss the jelly.
The jelly is moderately wounded.
The jelly closely misses you.
You slash the jelly!
You kill the jelly!
Your Dodging skill increases to level 4!
You have reached level 5!
You feel clever.
You barely miss the hobgoblin. The hobgoblin misses you.
You hit the hobgoblin.
You kill the hobgoblin!
The orc hits you with a flail!
You die...

... .... . ##.... ..
...... #..###
#...... #.....#
##.......
#(.#..##.o.....# ##
# ##......@# #.### #
.#.#
#......#####..?#.##
...#
...###.))..##.#....#
...# ##.##.##......#
.>.$ #J##...<# ....
........#.# ....
###...#.).# ...#
###.#..g# ..[.
#...#.#


You could see an orc.

Vanquished Creatures
  A jelly (D:3)
  Robin (D:2)
  2 adders (D:2)
  2 oozes
  A worm (D:2)
  A giant gecko (D:1)
  An orc (D:3)
  A ball python (D:1)
  19 goblins
  10 hobgoblins
  3 jackals (D:1)
  7 bats
  A giant cockroach (D:1)
  2 giant newts
  8 kobolds
  5 rats
65 creatures vanquished.

Notes
Turn   | Place    | Note
--------------------------------------------------------------
     0 | D:1      | Frontstab the Octopode Gladiator began the quest for the Orb.
     0 | D:1      | Reached XP level 1. HP: 14/14 MP: 1/1
    37 | D:1      | Reached XP level 2. HP: 2/19 MP: 2/2
   599 | D:1      | Reached XP level 3. HP: 22/25 MP: 3/3
  1255 | D:2      | Noticed Robin
  1259 | D:2      | Reached XP level 4. HP: 22/30 MP: 4/4
  1263 | D:2      | Killed Robin
  1892 | D:2      | Found a blossoming altar of Fedhas.
  1979 | D:3      | Noticed septik's ghost (amateur GrGl)
  2246 | D:3      | Reached skill level 4 in Axes
  2249 | D:3      | Reached XP level 5. HP: 5/36 MP: 5/5
  2250 | D:3      | Slain by an orc

Action                   |  1- 3 |  4- 6 || total
-------------------------+-------+-------++-------
Melee: War axe           |    81 |    41 ||   122
Throw: Throwing net      |     1 |       ||     1
 Stab: Sleeping          |     5 |     4 ||     9
  Eat: Chunk             |     1 |     3 ||     4
